 Dungeon Crawl Stone Soup version 0.29-a0-483-g69413ace17 (webtiles) character file.

Game seed: 13849096067052769736

621 oldark the Grave Robber (level 7, -5/46 HPs)
             Began as a Demonspawn Necromancer on May 25, 2022.
             Slain by a troll (9 damage)
             ... on level 5 of the Dungeon on May 26, 2022.
             The game lasted 00:20:49 (6800 turns).

oldark the Grave Robber (Demonspawn Necromancer)    Turns: 6800, Time: 00:20:50

Health: -5/46      AC:  4    Str: 14    XL:     7   Next: 22%
Magic:  8/12       EV: 13    Int: 18    God:
Gold:   387        SH:  0    Dex: 14    Spells: 9/13 levels left

rFire   . . .      SeeInvis .   r - +0 whip (freeze)
rCold   + . .      Faith    .   (no shield)
rNeg    . . .      Spirit   .   l - +1 leather armour
rPois   .          Reflect  .   (no helmet)
rElec   .          Harm     .   (no cloak)
rCorr   .          Rampage  .   (no gloves)
Will    .....                   (no boots)
Stlth   ++........              (no amulet)
HPRegen 0.15/turn               j - +6 ring of strength
MPRegen 0.13/turn               h - ring of protection from cold

@: about to teleport
A: claws 2, repulsion field 1, powered by pain 1
a: no special abilities


You were on level 5 of the Dungeon.
You visited 2 branches of the dungeon, and saw 6 of its levels.
You also visited: Sewer.

You collected 387 gold pieces.

Inventory:

Hand Weapons
 c - a +0 mace of draining
 r - a +0 whip of freezing (weapon)
Missiles
 f - 2 throwing nets
Armour
 a - a +0 robe
 l - a +1 leather armour (worn)
 p - the +1 helmet "Kuklatik" {-Cast rC+ rN++ rCorr Dex+2}
   (You found it on level 4 of the Dungeon)

   Dex:       It affects your dexterity (+2).
   rC:        It protects you from cold.
   rN:        It greatly protects you from negative energy.
   -Cast:     It prevents spellcasting.
   rCorr:     It protects you from acid and corrosion.
Jewellery
 h - a ring of protection from cold (right claw)
 j - a +6 ring of strength (left claw)
Wands
 g - a wand of flame (26)
Scrolls
 d - 2 scrolls of identify
 e - 2 scrolls of magic mapping
 i - a scroll of brand weapon
 k - a scroll of noise
 n - 3 scrolls of teleportation
 s - a scroll of blinking {unknown}
Potions
 b - 2 potions of magic
 m - 2 potions of heal wounds
 o - a potion of cancellation
 q - 4 potions of flight
 t - a potion of resistance {unknown}
 u - a potion of lignification {unknown}


   Skills:
 + Level 3.1 Maces & Flails
 + Level 2.5 Armour
 - Level 1.7 Dodging
 - Level 1.7 Stealth
 + Level 3.8 Spellcasting
 * Level 6.9 Necromancy


You had 9 spell levels left.
You knew the following spells:

 Your Spells              Type           Power      Damage    Failure   Level
a - Necrotize             Necr           100%       1d9       1%          1
b - Vampiric Draining     Necr           28%        2d8       3%          3

Your spell library contained the following spells:

 Spells                   Type           Power      Damage    Failure   Level
 Animate Dead             Necr           28%        N/A       11%         4
 Apportation              Tloc           6%         N/A       19%         1
 Agony                    Necr           28%        N/A       28%         5
 Ignite Poison            Fire/Tmut/Pois 3%         N/A       50%         3
 Mephitic Cloud           Conj/Pois/Air  3%         N/A       50%         3
 Alistair's Intoxication  Tmut/Pois      2%         N/A       99%         5
 Freezing Cloud           Conj/Ice/Air   1%         6-21      99%         5
 Dispersal                Tloc           1%         N/A       100%        6
 Disjunction              Tloc           1%         N/A       100%        8


Dungeon Overview and Level Annotations

Branches:
Dungeon (5/15)             Temple (1/1) D:4           Sewer (visited)

Altars:
Ashenzari
Cheibriados
Elyvilon
Hepliaklqana
Kikubaaqudgha
Nemelex Xobeh
Okawaru
Qazlal
Ru
Uskayaw
Vehumet
Wu Jian
Xom
Yredelemnul
Zin
The Shining One

Shops:
D:4 *   D:5 *


Innate Abilities, Weirdness & Mutations

You have very sharp fingernails.
You are surrounded by a mild repulsion field. (EV +2)
You sometimes gain a little power by taking damage.


Message History

The troll shouts!
Casting: Necrotize (safe; 1% risk of failure)
Confirm with . or Enter, or press ? or * to list all spells.
Aiming: Necrotize (safe; 1% risk of failure)
Press: ? - help, Shift-Dir - straight line, f - troll
Aim: a troll (chance to affect: 83%)
The troll writhes in agony.
Casting: Necrotize (safe; 1% risk of failure)
Confirm with . or Enter, or press ? or * to list all spells.
Aiming: Necrotize (safe; 1% risk of failure)
Press: ? - help, Shift-Dir - straight line, f/p - troll
Aim: a troll (lightly wounded, chance to affect: 83%)
The troll writhes in agony!
Casting: Necrotize (safe; 1% risk of failure)
Confirm with . or Enter, or press ? or * to list all spells.
Aiming: Necrotize (safe; 1% risk of failure)
Press: ? - help, Shift-Dir - straight line, f/p - troll
Aim: a troll (moderately wounded, chance to affect: 83%)
The troll writhes in agony.
Casting: Necrotize (safe; 1% risk of failure)
Confirm with . or Enter, or press ? or * to list all spells.
Aiming: Necrotize (safe; 1% risk of failure)
Press: ? - help, Shift-Dir - straight line, f/p - troll
Aim: a troll (moderately wounded, chance to affect: 83%)
The troll barely resists.
The troll bites you! The troll claws you! The troll completely misses you.
Casting: Necrotize (safe; 1% risk of failure)
Confirm with . or Enter, or press ? or * to list all spells.
Aiming: Necrotize (safe; 1% risk of failure)
Press: ? - help, Shift-Dir - straight line, f/p - troll
Aim: a troll (moderately wounded, chance to affect: 83%)
The troll barely resists.
The troll bites you! The troll closely misses you. The troll claws you.
The troll attacks as you move away! The troll bites you!
* * * LOW HITPOINT WARNING * * *
The troll claws you but does no damage. The troll closely misses you.
As you read the scroll of teleportation, it crumbles to dust.
You feel strangely unstable. The troll closely misses you.
The troll misses you. The troll claws you!
You die...

#.# #.# #.####
#######.#######.#########.#
..........................#
#######.#######.##############
#.............)...............
#.####....#####.#.............
#.####..#.#####.###...####.###
#.#.....#.#...#.....'##≈≈###≈#
#...).......T@...)..#≈≈≈≈≈≈'.#
#.#.#.....#.#.#<....#≈≈≈≈≈≈'≈#
#.#.#..####.#.#.##).'##≈≈###≈#
#.#.#..# #.#.#..#....####.###
.###.#.#..
#.#>#####....)...... .......#
#.#(....'.......#..# ####.###
#.#######.......##.# #.# ...
#.......##.# #.# ###
#.......#...


You could see a troll.

Vanquished Creatures
  A centaur (D:5)
  3 hounds
  A gnoll shaman (D:5)
  A jelly (D:5)
  Jessica (D:3)
  2 iguanas
  An orc wizard (D:3)
  A merfolk siren (Sewer)
  A merfolk avatar (Sewer)
  3 gnolls (D:5)
  6 adders
  3 river rats (Sewer)
  2 ufetubi
  5 worms
  2 dart slugs
  8 orcs
  3 endoplasms
  5 giant cockroaches
  4 goblins
  5 hobgoblins
  3 jackals (D:1)
  7 quokkas
  5 ball pythons
  7 bats
  5 frilled lizards
  6 kobolds
  28 rats
119 creatures vanquished.

Vanquished Creatures (collateral kills)
  A ball python (D:2)
  2 frilled lizards (Sewer)
  A kobold (D:4)
  A rat (Sewer)
5 creatures vanquished.

Grand Total: 124 creatures vanquished

Notes
Turn   | Place    | Note
-------+----------+-------------------------------------------
     0 | D:1      | oldark the Demonspawn Necromancer began the quest for the
                  | Orb.
     0 | D:1      | Reached XP level 1. HP: 13/13 MP: 3/3
   497 | D:1      | Gained mutation: You sometimes gain a little power by
                  | taking damage. [demonic ancestry]
   497 | D:1      | Reached XP level 2. HP: 16/19 MP: 1/5
   886 | D:1      | Reached skill level 1 in Maces & Flails
  1378 | D:2      | Found a faded altar of an unknown god.
  1419 | D:2      | Gained mutation: You have sharp fingernails. [demonic
                  | ancestry]
  1419 | D:2      | Reached XP level 3. HP: 24/24 MP: 2/6
  2177 | D:3      | Learned a level 3 spell: Vampiric Draining
  2234 | D:3      | Noticed Jessica
  2239 | D:3      | Killed Jessica
  2240 | D:3      | Reached skill level 5 in Necromancy
  2240 | D:3      | Reached XP level 4. HP: 26/30 MP: 3/8
  2767 | D:3      | Found an ornate altar of the Wu Jian Council.
  2767 | D:3      | Found a shimmering altar of Xom.
  3165 | D:4      | Found Ugridazo's Assorted Antiques.
  3235 | D:4      | Reached skill level 1 in Armour
  3381 | D:4      | Found a staircase to the Ecumenical Temple.
  3387 | Temple   | Entered the Ecumenical Temple
  3619 | D:4      | Found a radiant altar of Vehumet.
  3636 | D:4      | Gained mutation: You have very sharp fingernails. [demonic
                  | ancestry]
  3636 | D:4      | Reached XP level 5. HP: 35/35 MP: 5/9
  4283 | D:4      | Identified the +1 helmet "Kuklatik" {-Cast rC+ rN++ rCorr
                  | Dex+2}
  4381 | D:4      | Found a sacrificial altar of Ru.
  4587 | D:5      | Entered Level 5 of the Dungeon
  4762 | D:5      | Reached skill level 6 in Necromancy
  4782 | D:5      | Reached XP level 6. HP: 21/41 MP: 1/10
  5063 | D:5      | Identified the +1 rapier "Omelette" {venom, rPois rC-
                  | Str+4}
  5096 | D:5      | Found a glowing drain.
  5100 | Sewer    | Entered a sewer
  6370 | D:5      | Gained mutation: You are surrounded by a mild repulsion
                  | field. (EV +2) [demonic ancestry]
  6370 | D:5      | Reached XP level 7. HP: 13/46 MP: 10/12
  6416 | D:5      | Noticed a troll
  6605 | D:5      | Found Qonuen's Assorted Antiques.
  6800 | D:5      | Slain by a troll

Illustrated notes

Levels and vault maps discovered:
D:1:      heliophobic_arrival_dark_side_of_the_moon, layout_basic
D:2:      layout_loops_ring, hellmonk_ecumenical_altar_leap_of_faith
D:3:      layout_loops_ring, amcnicky_altar_gilded,
          amethyst_overflow_temple_binary, uniq_jessica
D:4:      layout_layer_cave, fiery_altar_vehumet, nicolae_ru_path_of_blood,
          minmay_temple_entry_gardened_gates, serial_shops, shop, minivault_11
D:5:      kennysheep_big_flooded_room, layout_basic, gup_sewer_entry_bowl,
          serial_shops, nicolae_stop_n_shop_1, ebering_dispersal_statue_hall
Temple:   minmay_temple_curvy_loop

Skill      XL: |  1  2  3  4  5  6 |
---------------+-------------------+-----
Maces & Flails | 1 2 3 |  3.1
Necromancy     | 5 6 |  6.9
Armour         | 1 2 |  2.5
Spellcasting   | 3 |  3.8
Dodging        | |  1.7
Stealth        | |  1.7

Action                   |  1- 3 |  4- 6 |  7- 9 || total
-------------------------+-------+-------+-------++-------
Melee: Mace              |    64 |    43 |       ||   107
       Punch             |     1 |     2 |       ||     3
       Flail             |       |    49 |       ||    49
       Whip              |       |    79 |       ||    79
 Cast: Necrotize         |    23 |   100 |    10 ||   133
       Vampiric Draining |     1 |     7 |       ||     8
  Use: Potion            |     2 |     1 |       ||     3
       Scroll            |       |     8 |     1 ||     9
 Stab: Sleeping          |     2 |     4 |       ||     6
Armor: Robe              |    15 |       |       ||    15
       Leather armour    |       |    74 |     1 ||    75
Dodge: Dodged            |    61 |   113 |     7 ||   181

Table legend: (Time is in decaauts)
 A = Elapsed time spent in this place.
 B = Non-inter-level travel time spent in this place.
 C = Inter-level travel time spent in this place.
 D = Time resting spent in this place.
 E = Time spent auto-exploring this place.
 F = Levels seen in this place.
 G = Mean time per level.
                   A        B        C        D        E       F      G
               +--------+--------+--------+--------+--------+-----+--------+
         Total |   6899 |   6717 |    182 |   1508 |   4098 |   7 |  985.6 |
       Dungeon |   5757 |   5596 |    161 |   1245 |   3534 |   5 | 1151.4 |
        Temple |    211 |    190 |     21 |      0 |    185 |   1 |  211.0 |
         Sewer |    930 |    930 |      0 |    263 |    378 |   1 |  930.0 |
               +--------+--------+--------+--------+--------+-----+--------+

Top non-repeatable levels by time:
     D:4: 1381 daAuts
     D:3: 1268 daAuts
     D:1: 1220 daAuts
     D:5: 1177 daAuts
   Sewer: 930 daAuts
     D:2: 709 daAuts
  Temple: 211 daAuts
